 Dungeon Crawl Stone Soup version 0.28.0-53-g5a82cb258f (webtiles) character file.

Game seed: 15122151338056334054

99813 Gabide the Phalangite (level 16, -3/118 HPs)
             Began as a Human Monk on June 1, 2022.
             Was the Champion of Hepliaklqana.
             Killed from afar by a deep troll earth mage (22 damage)
             ... with a blast of rock fragments
             ... on level 1 of the Depths.
             The game lasted 01:34:52 (30074 turns).

Gabide the Phalangite (Human Monk)                 Turns: 30074, Time: 01:34:53

Health: -3/118     AC: 21    Str: 12    XL:     16   Next: 77%
Magic:  16/16      EV: 37    Int: 12    God:    Hepliaklqana [******]
Gold:   1365       SH:  4    Dex: 22    Spells: 15/15 levels left

rFire   . . .      SeeInvis .   p - +1 glaive (flame)
rCold   . . .      Faith    .   (shield currently unavailable)
rNeg    . . .      Spirit   .   S - +3 troll leather armour {Snorg}
rPois   .          Reflect  .   d - +0 helmet
rElec   .          Harm     .   g - +0 cloak {Stlth+}
rCorr   +          Rampage  .   q - +2 pair of gloves
Will    +....                   Y - +2 pair of boots {Fly}
Stlth   ++++......              P - amulet of the acrobat
HPRegen 1.09/turn               Z - +4 ring of protection
MPRegen 0.15/turn               L - ring of resist corrosion

@: acrobatic, flying, hasted, very quick
A: reduced essence, hooves 1, large bone plates 1
a: Renounce Religion, Recall Ancestor, Ancestor Identity, Transference, Idealise


You were on level 1 of the Depths.
You worshipped Hepliaklqana.
Hepliaklqana was exalted by your worship.
You visited 5 branches of the dungeon, and saw 25 of its levels.

You collected 2399 gold pieces.
You spent 1034 gold pieces at shops.

Inventory:

Hand Weapons
 a - a +3 spear
 p - a +1 glaive of flaming (weapon)
Missiles
 o - 12 poisoned darts (quivered)
 M - 4 javelins
 O - 4 boomerangs of dispersal
Armour
 d - a +0 helmet (worn)
 g - a +0 cloak of stealth (worn)
 q - a +2 pair of gloves (worn)
 N - a +2 robe of fire resistance
 Q - the +0 leather armour "Toubonn" {rPois rN+++ Will- Dex+3}
   (You bought it in a shop on level 9 of the Dungeon)

   Dex:       It affects your dexterity (+3).
   rPois:     It protects you from poison.
   rN:        It renders you almost immune to negative energy.
   Will:      It decreases your willpower.
 S - a +3 troll leather armour (worn) {Snorg}
 U - +3 acid dragon scales
 Y - a +2 pair of boots of flying (worn)
Jewellery
 w - a ring of poison resistance
 D - a ring of positive energy
 L - a ring of resist corrosion (right hand)
 P - an amulet of the acrobat (around neck)
 T - a ring of protection from cold
 Z - a +4 ring of protection (left hand)
Wands
 j - a wand of paralysis (21)
 k - a wand of digging (6)
 s - a wand of polymorph (29)
 y - a wand of flame (75)
 F - a wand of iceblast (9)
 K - a wand of mindburst (18)
Scrolls
 h - 3 scrolls of teleportation
 m - 10 scrolls of immolation
 n - 2 scrolls of amnesia
 v - a scroll of torment
 z - 4 scrolls of noise
 A - 2 scrolls of silence
 B - a scroll of magic mapping
 E - 2 scrolls of vulnerability
 I - a scroll of fog
 R - 2 scrolls of holy word
 W - a scroll of fear
Potions
 b - a potion of haste
 c - a potion of resistance
 e - 7 potions of lignification
 f - 4 potions of attraction
 i - 3 potions of magic
 l - 3 potions of brilliance
 r - 4 potions of flight
 t - 6 potions of mutation
 u - 9 potions of curing
 x - a potion of berserk rage
 H - 3 potions of might
 V - 2 potions of cancellation
 X - 4 potions of ambrosia
Miscellaneous
 C - a phial of floods (inert)
 G - a phantom mirror


   Skills:
 + Level 13.7 Fighting
 - Level 21.5 Polearms
 - Level 6.0 Throwing
 - Level 6.0 Armour
 + Level 13.7 Dodging
 - Level 6.0 Stealth


You had 15 spell levels left.
You didn't know any spells.
Your spell library contained the following spells:

 Spells                   Type           Power      Damage    Failure   Level
 Beastly Appendage        Tmut           0%         N/A       38%         1
 Sandblast                Erth           0%         2d4       38%         1
 Summon Small Mammal      Summ           0%         N/A       38%         1
 Passwall                 Tmut/Erth      0%         N/A       52%         2
 Static Discharge         Conj/Air       0%         N/A       52%         2
 Sublimation of Blood     Necr           0%         N/A       52%         2
 Wereblood                Tmut           0%         N/A       52%         2
 Call Canine Familiar     Summ           0%         N/A       77%         3
 Dazzling Flash           Conj/Hex       0%         N/A       77%         3
 Portal Projectile        Hex/Tloc       0%         N/A       77%         3
 Spider Form              Tmut/Pois      0%         N/A       77%         3
 Stone Arrow              Conj/Erth      0%         3d7       77%         3
 Summon Guardian Golem    Hex/Summ       0%         N/A       77%         3
 Tukima's Dance           Hex            0%         N/A       77%         3
 Anguish                  Hex/Necr       0%         N/A       99%         4
 Hailstorm                Conj/Ice       0%         3d3       99%         4
 Ice Form                 Ice/Tmut       0%         N/A       99%         4
 Iskenderun's Mystic Bla  Conj/Tloc      0%         2d3       99%         4
 Blade Hands              Tmut           0%         N/A       100%        5
 Excruciating Wounds      Necr           0%         N/A       100%        5
 Lightning Bolt           Conj/Air       0%         1d11      100%        5
 Summon Forest            Summ/Tloc      0%         N/A       100%        5
 Summon Mana Viper        Hex/Summ       0%         N/A       100%        5
 Simulacrum               Ice/Necr       0%         N/A       100%        6
 Starburst                Conj/Fire      0%         6d3       100%        6
 Summon Cactus Giant      Summ           0%         N/A       100%        6
 Enfeeble                 Hex            0%         N/A       100%        7
 Summon Hydra             Summ           0%         N/A       100%        7
 Maxwell's Capacitive Co  Air            0%         ∞         100%        8


Dungeon Overview and Level Annotations

Branches:
Dungeon (15/15)            Temple (1/1) D:5            Lair (6/6) D:8
 Shoals (0/4) Lair:4        Snake (0/4) Lair:2        Slime (0/5) Lair:6
    Orc (2/2) D:9             Elf (0/3) Orc:2        Vaults (0/5) D:14
 Depths (1/4) D:15

Altars:
Ashenzari
Cheibriados
Dithmenos
Elyvilon
Fedhas
Gozag
Hepliaklqana
Kikubaaqudgha
Makhleb
Nemelex Xobeh
Okawaru
Qazlal
Ru
Sif Muna
Trog
Uskayaw
Vehumet
Wu Jian
Xom
Yredelemnul
Zin
The Shining One
Beogh
Jiyva

Shops:
D:9 [   Orc:1 [   Orc:2 ==[?


Innate Abilities, Weirdness & Mutations

Your life essence is reduced to manifest your ancestor. (-10% HP)
You have large cloven feet.
You are partially covered in large bone plates. (SH +4)


Message History

The deep troll earth mage seems to grow stronger.
Aim the phial where?
Press: ? - help, Shift-Dir - straight line, f - deep troll shaman, p - deep troll earth mage
Aim: a deep troll shaman (fast)
The torrent of water hits the deep troll earth mage.
The deep troll earth mage is heavily wounded.
The wave splashes down.
The deep troll earth mage is engulfed in water.
You hear a shout! x2; You hear a screech!
You hear a chilling moan.
You hear a shout!
You hear a grinding noise.
The deep troll shaman calls upon its god to speed up the deep troll earth mage.
The deep troll earth mage seems to speed up.
The rakshasa blinks!
Aiming: Dig
Press: ? - help, Shift-Dir - straight line, p - deep troll shaman A rock wall.
The rock shatters into small pieces.
A stone giant comes into view.
You hear a grinding noise.
The stone giant throws a large rock.
The large rock hits you!!!
* * * LOW HITPOINT WARNING * * *
Publiusina emerges from the mists of memory!
You hear a grinding noise.
Okay, then.
The deep troll earth mage bites Publiusina!!
The deep troll earth mage claws Publiusina!!
The deep troll earth mage claws Publiusina!
Okay, then.
The deep troll shaman calls upon its god to strengthen something.
The deep troll earth mage bites Publiusina.
Publiusina is destroyed!
The deep troll shaman calls upon its god to speed up something.
The stone giant throws a large rock.
The large rock misses you.
There is an open door here.
You hear a grinding noise. x2
There is an open door here.
The deep troll earth mage is no longer waterlogged.
The deep troll earth mage points next to you and mumbles some strange words.
The wall shatters!
The blast of rock fragments hits you!!
You die...

....#..'.....# *,,,*,,,,,,,,**
....'†.##....# #.#***,,,,,,,,**
...R#...#....## #.# *,,,,,,,,,**
....#...#.....###.##**,,,,,,,,,,+
#####...'.......#.',,,,,,,,,....*
.#......###.....'.###,,,,,,.....,
.'†.......#....##...#####,*'#.#**
.#>......###.###....#.#.###...#,,
.#..###.##.#†#.)@[..#.T.......#,,
.####.#'#...<)##....T.#.......##*
).#...#.#.....#....##.#........#
).#..)'.#.....+....#..#T...##..#
.######'#.....#....#..#....##..#
.#......#.....##...#....CT.....#*
##.....##+#....##+##.......#...'.
#.....##,,#..###,,,..#.....##..##
#....##,,,####,****#.#..##.#*..#*


You could see a deep troll earth mage (fast, strong).

Vanquished Creatures
  Jorgrun (D:12)
  Kirke (D:14)
  Nessos (D:15)
  Azrael (D:13)
  2 ettins (Depths:1)
  A great orb of eyes (Depths:1)
  A boulder beetle (D:13)
  8 hydras
  Fannar (D:12)
  4 vault guards (D:14)
  2 centaur warriors
  An ogre mage (D:15)
  A death knight (D:14)
  7 two-headed ogres
  6 death yaks
  2 tengu warriors
  Sonja (Lair:6)
  A hell knight (Depths:1)
  An orc knight (Orc:2)
  A phantasmal warrior (D:14)
  5 orc sorcerers (Orc:2)
  A manticore (D:15)
  4 ugly things
  8 elephants
  A cyclops (D:15)
  A merfolk siren (Lair:4)
  A naga mage (D:15)
  A torpor snail (Lair:4)
  2 black mambas
  4 cane toads
  A gargoyle (D:13)
  4 efreet
  5 komodo dragons
  A freezing wraith (D:14)
  2 rime drakes
  3 tengu conjurers
  3 meliai (D:14)
  2 hornets
  4 polar bears (Lair:6)
  4 trolls
  A blink frog (Lair:3)
  A harpy skeleton (D:15)
  3 slime creatures (D:14)
  2 dream sheep (Lair:6)
  6 spriggans (Lair:6)
  A vampire (D:10)
  4 wraiths
  19 yaks
  A basilisk (Lair:5)
  A fire bat (Lair:1)
  2 fire elementals (D:13)
  A water elemental (Depths:1)
  A human (shapeshifter) (D:15)
  5 humans (D:14)
  A naga (Lair:2)
  A hell hound (Lair:5)
  8 water moccasins
  5 orc warriors
  2 black bears
  An ice beast (D:7)
  2 necrophages
  16 wolves
  4 ogres
  5 boggarts
  4 centaurs
  2 phantoms
  A kobold brigand (D:8)
  6 bullfrogs
  A wyvern zombie (D:8)
  A scorpion (D:7)
  4 wights
  3 killer bees (D:8)
  2 howler monkeys
  4 centaur zombies
  A jelly (D:4)
  A hound (D:6)
  7 orc priests
  A centaur skeleton (D:7)
  A gnoll shaman (D:5)
  A bullfrog skeleton (D:6)
  8 iguanas
  19 orc wizards
  A killer bee zombie (D:8)
  A hound zombie (D:5)
  6 gnolls
  3 adders
  2 adder skeletons
  2 worms (D:2)
  4 dart slugs
  61 orcs
  3 bat zombies (D:12)
  11 endoplasms
  5 giant cockroaches
  5 goblins
  10 hobgoblins
  7 kobolds
  3 quokkas
  4 ball pythons
  3 bats
  4 frilled lizards (Lair:3)
  4 rats
  3 rat zombies (D:12)
403 creatures vanquished.

Vanquished Creatures (collateral kills)
  Donald (Orc:2)
  Snorg (Orc:1)
  2 vault guards (D:14)
  2 hydras
  A boulder beetle (D:12)
  8 death yaks
  A centaur warrior (D:14)
  3 two-headed ogres
  A tengu warrior (Depths:1)
  3 skeletal warriors
  A wizard (D:15)
  Pikel (D:9)
  A deep elf zephyrmancer (D:15)
  A necromancer (D:15)
  A manticore (D:8)
  5 orc sorcerers
  3 cyclopes
  3 ugly things (Depths:1)
  2 centaur zombies (D:10)
  Maurice (D:8)
  2 elephants (Lair:5)
  2 black mambas
  A torpor snail (Lair:5)
  2 gargoyles
  A molten gargoyle (Lair:1)
  2 kobold demonologists
  Psyche (D:8)
  7 cane toads
  A centaur skeleton (D:15)
  10 komodo dragons
  A redback zombie (D:15)
  2 polar bears
  3 hornets (Lair:6)
  2 slime creatures (D:14)
  2 blink frogs (Lair:3)
  A centaur simulacrum (D:15)
  6 spriggans (Lair:6)
  A shadow (D:8)
  3 wyverns
  11 yaks
  A vampire (D:11)
  2 fire elementals (D:13)
  A hog (D:14)
  A human (D:14)
  A fire bat (Lair:1)
  4 wargs
  A naga (Lair:2)
  An acid dragon (D:10)
  Edmund (D:6)
  A hell hound (Lair:5)
  7 water moccasins
  A floating eye (shapeshifter) (Depths:1)
  An ice beast (D:6)
  4 black bears
  9 orc warriors
  A sky beast (D:8)
  A necrophage (D:6)
  2 boggarts (Lair:6)
  7 centaurs
  7 wolves
  An ogre (D:15)
  Blork the orc (D:6)
  A wyvern zombie (D:8)
  5 bullfrogs
  A gnoll sergeant (D:8)
  3 killer bees (D:8)
  3 wights (D:7)
  5 orc priests
  A jelly (D:8)
  A gnoll shaman (D:6)
  9 iguanas
  17 orc wizards
  7 hell rats (Lair:6)
  An adder (D:6)
  5 gnolls
  38 orcs
  A bat zombie (D:12)
  2 kobolds (D:12)
  3 frilled lizards (Lair:3)
262 creatures vanquished.

Vanquished Creatures (others)
  A lich (Depths:1)
  A deep elf zephyrmancer (D:15)
  A human (D:14)
  17 knights
  A bush (Lair:6)
  A butterfly (D:15)
  73 fungi
  114 plants
209 creatures vanquished.

Grand Total: 874 creatures vanquished

Notes
Turn   | Place    | Note
-------+----------+-------------------------------------------
     0 | D:1      | Gabide the Human Monk began the quest for the Orb.
     0 | D:1      | Reached XP level 1. HP: 18/18 MP: 1/1
   218 | D:1      | Reached XP level 2. HP: 22/24 MP: 2/2
   760 | D:1      | Reached XP level 3. HP: 29/29 MP: 3/3
  1727 | D:2      | Found a faded altar of an unknown god.
  1947 | D:3      | Reached XP level 4. HP: 36/36 MP: 4/4
  2318 | D:3      | Noticed a black bear
  2329 | D:3      | Killed a black bear
  2330 | D:3      | Reached skill level 4 in Polearms
  2330 | D:3      | Reached XP level 5. HP: 36/42 MP: 5/5
  2535 | D:3      | Reached XP level 6. HP: 48/48 MP: 6/6
  2842 | D:4      | Noticed a necrophage
  2855 | D:4      | Killed a necrophage
  2856 | D:4      | Reached skill level 1 in Throwing
  3023 | D:4      | Reached XP level 7. HP: 49/55 MP: 7/7
  3682 | D:5      | Entered Level 5 of the Dungeon
  3717 | D:5      | Reached skill level 1 in Armour
  4082 | D:5      | Found a broken altar of Ashenzari.
  4400 | D:5      | Found a staircase to the Ecumenical Temple.
  4408 | Temple   | Entered the Ecumenical Temple
  4563 | Temple   | Became a worshipper of Hepliaklqana the Forgotten
  4563 | Temple   | Reached * piety under Hepliaklqana
  4563 | Temple   | Reached ** piety under Hepliaklqana
  4564 | Temple   | Remembered your ancestor Publiusina as a knight
  4838 | D:6      | Reached XP level 8. HP: 53/54 MP: 8/8
  4842 | D:6      | Reached skill level 5 in Fighting
  4842 | D:6      | Reached skill level 5 in Polearms
  4842 | D:6      | Reached skill level 5 in Dodging
  4847 | D:6      | Noticed Blork the orc
  4859 | D:6      | Killed Blork the orc
  4987 | D:6      | Noticed Edmund
  5003 | D:6      | Killed Edmund
  5214 | D:6      | Reached skill level 6 in Polearms
  5295 | D:6      | Reached XP level 9. HP: 52/62 MP: 9/9
  7135 | D:8      | Reached skill level 7 in Polearms
  7143 | D:8      | Reached XP level 10. HP: 47/71 MP: 10/10
  7146 | D:8      | Found a staircase to the Lair.
  7391 | D:8      | Noticed Psyche
  7402 | D:8      | Killed Psyche
  7727 | D:8      | Reached skill level 8 in Polearms
  7821 | D:8      | Reached *** piety under Hepliaklqana
  8297 | D:8      | Noticed a manticore
  8304 | D:8      | Reached skill level 5 in Throwing
  8313 | D:8      | Killed a manticore
  8314 | D:8      | Reached skill level 5 in Stealth
  9010 | D:9      | Noticed a two-headed ogre
  9021 | D:9      | Killed a two-headed ogre
  9022 | D:9      | Reached XP level 11. HP: 75/78 MP: 11/11
  9176 | D:9      | Found a staircase to the Orcish Mines.
  9442 | D:9      | Found Waarakur's Antique Armour Shop.
  9447 | D:9      | Bought a dazzling leather armour for 189 gold pieces
  9447 | D:9      | Identified the +0 leather armour "Toubonn" {rPois rN+++
                  | Will- Dex+3} (You bought it in a shop on level 9 of the
                  | Dungeon)
  9448 | D:9      | Bought a tattered robe for 153 gold pieces
  9448 | D:9      | Identified the +2 robe "Qaxzasch" {Fly} (You bought it in a
                  | shop on level 9 of the Dungeon)
  9454 | D:9      | Noticed a two-headed ogre
  9462 | D:9      | Noticed a soul eater
  9467 | D:9      | Reached skill level 9 in Polearms
  9483 | D:9      | Killed a two-headed ogre
  9954 | D:9      | Noticed Pikel
  9965 | D:9      | Killed Pikel
 10054 | D:9      | Reached **** piety under Hepliaklqana
 10327 | D:10     | Entered Level 10 of the Dungeon
 11468 | D:11     | Reached ***** piety under Hepliaklqana
 12130 | D:12     | Noticed a seven-headed hydra
 12319 | D:12     | Noticed a two-headed ogre
 12333 | D:12     | Killed a two-headed ogre
 12334 | D:12     | Reached skill level 10 in Fighting
 12334 | D:12     | Reached skill level 10 in Polearms
 12334 | D:12     | Reached skill level 10 in Dodging
 12391 | D:12     | Noticed a boulder beetle
 12400 | D:12     | Killed a boulder beetle
 12401 | D:12     | Reached XP level 12. HP: 87/87 MP: 12/12
 12442 | D:12     | Noticed a two-headed ogre
 12450 | D:12     | Killed a two-headed ogre
 12648 | D:12     | Noticed a two-headed ogre
 12658 | D:12     | Killed a two-headed ogre
 12750 | D:12     | Reached skill level 5 in Armour
 12821 | D:12     | Found an ancient bone altar of Kikubaaqudgha.
 12908 | D:12     | Noticed Fannar
 12922 | D:12     | Killed Fannar
 12983 | D:12     | Noticed Jorgrun
 13000 | D:12     | Killed Jorgrun
 13033 | D:12     | Killed a seven-headed hydra
 13136 | D:12     | Noticed a skeletal warrior
 13136 | D:12     | Noticed a skeletal warrior
 13157 | D:11     | Killed a skeletal warrior
 13346 | D:11     | Killed a skeletal warrior
 13531 | D:12     | Noticed a skeletal warrior
 13554 | D:12     | Killed a skeletal warrior
 13950 | D:8      | Noticed Maurice
 13977 | D:8      | Killed Maurice
 14001 | Lair:1   | Entered Level 1 of the Lair of Beasts
 14154 | Lair:1   | Reached XP level 13. HP: 94/94 MP: 13/13
 14188 | Lair:1   | Reached skill level 11 in Polearms
 14764 | Lair:1   | Noticed a five-headed hydra
 14778 | Lair:1   | Killed a five-headed hydra
 15219 | Lair:1   | Noticed a seven-headed hydra
 15226 | Lair:1   | Killed a seven-headed hydra
 15988 | Lair:2   | Found a staircase to the Snake Pit.
 16185 | Lair:2   | Reached skill level 12 in Polearms
 16827 | Lair:3   | Reached skill level 13 in Polearms
 17220 | Lair:3   | Reached XP level 14. HP: 98/103 MP: 14/14
 18170 | Lair:4   | Found a gate leading to a gauntlet.
 18199 | Lair:4   | Reached skill level 14 in Polearms
 18446 | Lair:4   | Found a staircase to the Shoals.
 18710 | Lair:4   | Found a hazy altar of Hepliaklqana.
 18868 | Lair:5   | You fall into a shaft and drop 1 floor!
 18868 | Lair:6   | Entered Level 6 of the Lair of Beasts
 18872 | Lair:6   | Found a runed translucent door.
 18872 | Lair:6   | Found a viscous altar of Jiyva.
 19357 | Lair:5   | Reached skill level 15 in Polearms
 20177 | Lair:5   | Identified a scroll of acquirement
 20177 | Lair:5   | Acquired a manual of Polearms
 20954 | Lair:6   | Found a staircase to the Slime Pits.
 21022 | Lair:6   | Reached skill level 16 in Polearms
 21070 | Lair:6   | Noticed Sonja
 21077 | Lair:6   | Killed Sonja
 21137 | Lair:6   | HP: 3/103 [death yak (19)]
 21420 | Lair:6   | Reached skill level 17 in Polearms
 22206 | Lair:6   | Reached skill level 18 in Polearms
 22361 | Lair:6   | Reached XP level 15. HP: 91/108 MP: 15/15
 22950 | Lair:6   | Reached skill level 19 in Polearms
 23694 | Orc:1    | Entered Level 1 of the Orcish Mines
 23694 | Orc:1    | Found Farim's Armour Emporium.
 23718 | Orc:1    | Bought a +0 pair of boots for 45 gold pieces
 23768 | Orc:1    | Bought a +2 pair of boots of flying for 215 gold pieces
 23853 | Orc:1    | You are sucked into a shaft and drop 1 floor!
 23853 | Orc:2    | Entered Level 2 of the Orcish Mines
 23893 | Orc:2    | Found a staircase to the Elven Halls.
 23915 | Orc:2    | Reached skill level 20 in Polearms
 24053 | Orc:2    | Noticed Donald
 24074 | Orc:2    | Killed Donald
 24126 | Orc:1    | Paralysed by an orc sorcerer for 2 turns
 24937 | Orc:2    | Found Puona's Antique Armour Emporium.
 24937 | Orc:2    | Found Oroin's Magic Scroll Shop.
 24985 | Orc:2    | Bought a scroll of teleportation for 48 gold pieces
 24985 | Orc:2    | Bought a scroll of teleportation for 48 gold pieces
 25093 | Orc:2    | Paralysed by an orc sorcerer for 6 turns
 25495 | Orc:2    | Found Tiejae Qacu's Jewellery Emporium.
 25495 | Orc:2    | Found Macac's Jewellery Shop.
 25616 | Orc:2    | Paralysed by an orc sorcerer for 3 turns
 25618 | Orc:2    | Gained mutation: You are frail. (-10% HP) [a neqoxec]
 25629 | Orc:2    | Lost mutation: You are frail. (-10% HP) [potion of
                  | mutation]
 25629 | Orc:2    | Gained mutation: You have large cloven feet. [potion of
                  | mutation]
 25629 | Orc:2    | Gained mutation: You are partially covered in large bone
                  | plates. (SH +4) [potion of mutation]
 26209 | Orc:2    | Bought a glowing cloak for 210 gold pieces
 26220 | Orc:2    | Bought a helmet for 126 gold pieces
 26397 | Orc:1    | Noticed Snorg
 26413 | Orc:1    | Killed Snorg
 26891 | D:13     | Reached skill level 21 in Polearms
 26897 | D:13     | Noticed Azrael
 26903 | D:13     | Killed Azrael
 27298 | D:13     | Reached ****** piety under Hepliaklqana
 27924 | D:14     | Noticed Kirke
 27948 | D:14     | Killed Kirke
 27949 | D:14     | Reached XP level 16. HP: 113/114 MP: 16/16
 28096 | D:14     | Found an opulent altar of Gozag.
 28247 | D:14     | Found a gate to the Vaults.
 28509 | D:15     | Entered Level 15 of the Dungeon
 28722 | D:15     | Found a white marble altar of Elyvilon.
 28790 | D:15     | Noticed Nessos
 28806 | D:15     | Killed Nessos
 29316 | D:15     | Found a staircase to the Depths.
 29551 | Depths:1 | Entered Level 1 of the Depths
 29555 | Depths:1 | Paralysed by a floating eye for 3 turns
 29926 | Depths:1 | Noticed a lich
 29926 | Depths:1 | Noticed a frost giant
 29929 | Depths:1 | Killed a lich
 29991 | Depths:1 | Found a shadowy altar of Dithmenos.
 30027 | Depths:1 | Paralysed by a great orb of eyes for 4 turns
 30074 | Depths:1 | Killed from afar by a deep troll earth mage

Illustrated notes

Levels and vault maps discovered:
D:1:      psy_arrival_spokes, layout_loops_corners
D:2:      layout_basic, hellmonk_ecumenical_altar_leap_of_faith
D:3:      layout_basic
D:4:      layout_gridville, minmay_between
D:5:      layout_rooms, nicolae_ashenzari_panopticon,
          minmay_temple_entry_proselytizer
D:6:      layout_cave_pools, uniq_edmund, uniq_blork_the_orc
D:7:      layout_layer_cave, serial_bayou_pond_a
D:8:      minmay_four_partial_circles, layout_layer_cave,
          due_lair_maze_entry_diamond, serial_bayou_pond_e, moated_statue,
          uniq_maurice, uniq_psyche
D:9:      layout_cave_pods, david_orc_3, serial_shops, shop, uniq_pikel
D:10:     layout_loops_corners, hangedman_decor_riveting, chequers_jeans,
          kennysheep_generic_room_14
D:11:     layout_loops_cross
D:12:     layout_roguey, lemuel_zombie_altar_kikubaaqudgha, uniq_jorgrun,
          uniq_fannar
D:13:     layout_grid_maze, uniq_azrael
D:14:     layout_small_grid, ximxim_vaults_locker_room, grunt_gozag_breadcrumbs,
          uniq_kirke
D:15:     grunt_enter_depths_magical_seal, layout_long_grid,
          nicolae_elyvilon_peaceful_grove, uniq_nessos
Temple:   mainiacjoe_temple_hex_bubbles
Lair:1:   layout_gridlike, minmay_stone_trees_medium, lemuel_old_faithful,
          serial_bayou_shore_a
Lair:2:   layout_loops_ring, guppyfry_snake_entry_island, grunt_megastairs_4
Lair:3:   lemuel_reptile_caves, layout_gridlike
Lair:4:   layout_gridlike, minmay_shoals_entry_lonely_mermaid,
          gauntlet_entry_generic, basic_altar
Lair:5:   layout_loops_ring, chequers_serial_rivers_large_b
Lair:6:   minmay_lair_end_enchanted_forest, layout_gridlike, slime_altar_2,
          serial_forest, infiniplex_forest_clump_diagonal,
          infiniplex_forest_lined_3_way, infiniplex_forest_corner_2,
          infiniplex_forest_lined_1, enter_volcano_3, serial_bayou_shore_b,
          infiniplex_staircase_pool_2, uniq_sonja
Orc:1:    layout_caves, serial_shops, shop, uniq_snorg
Orc:2:    st_orc_town, layout_caves, uniq_donald
Depths:1: layout_honeycomb, grunt_dithmenos_smoke, rand_demon_pan_entry_5,
          grunt_hell_entry_dis_old, nzn_wu_jian_contemplation,
          kennysheep_random_hallway, serial_bayou_shore_b

Skill      XL: |  1  2  3  4  5  6  7  8  9 10 11 12 13 14 15 16 |
---------------+-------------------------------------------------+-----
Fighting       | 4 6 7 8 10 12 13 | 13.7
Polearms       | 4 6 7 8 10 13 18 21 | 21.5
Dodging        | 4 6 7 8 10 12 13 | 13.7
Throwing       | 2 3 4 5 6 |  6.0
Stealth        | 3 4 5 6 |  6.0
Armour         | 3 6 |  6.0

Action                   |  1- 3 |  4- 6 |  7- 9 | 10-12 | 13-15 | 16-18 || total
-------------------------+-------+-------+-------+-------+-------+-------++-------
Melee: Spear             |   127 |    87 |   271 |   271 |    32 |       ||   788
       Punch             |       |     1 |     5 |     1 |     2 |       ||     9
       Halberd           |       |       |       |   137 |   273 |       ||   410
       Glaive            |       |       |       |       |   786 |   250 ||  1036
Throw: Dart              |       |     4 |    12 |    67 |    51 |     9 ||   143
       Javelin           |       |       |       |     2 |    31 |     4 ||    37
       Throwing net      |       |       |       |       |     3 |       ||     3
Invok: Ancestor Life: Kn |       |       |     1 |       |       |       ||     1
       Ancestor Identity |       |       |     1 |       |       |       ||     1
       Recall Ancestor   |       |       |       |     4 |     9 |     1 ||    14
       Transference      |       |       |       |     2 |     5 |     1 ||     8
Evoke: Wand              |       |       |       |     9 |     2 |     1 ||    12
       Phantom mirror    |       |       |       |       |     1 |       ||     1
       Phial of floods   |       |       |       |       |       |     1 ||     1
  Use: Scroll            |       |     2 |     6 |     9 |    24 |     3 ||    44
       Potion            |       |       |       |     4 |     9 |     2 ||    15
 Stab: Sleeping          |     7 |     3 |     6 |     9 |    12 |     4 ||    41
       Distracted        |       |       |     3 |     7 |    17 |     5 ||    32
       Invisible         |       |       |       |     4 |     2 |       ||     6
Armor: Robe              |     3 |       |       |    21 |       |       ||    24
       Ring mail         |     7 |    19 |    62 |    11 |       |       ||    99
       Leather armour    |     1 |       |       |       |       |       ||     1
       Skin              |       |       |       |    58 |       |       ||    58
       Acid dragon scale |       |       |       |    35 |   269 |       ||   304
       Troll leather arm |       |       |       |       |    13 |    48 ||    61
Dodge: Dodged            |    47 |    33 |   105 |   180 |   805 |   159 ||  1329
Block: Other             |       |       |       |       |    11 |    23 ||    34
